 Dungeon Crawl Stone Soup version 0.30-a0-913-g9934a0ce24 (webtiles) character file.

Game seed: 12683773994543591404

119 Pimp the Stinger (level 5, 0/42 HPs)
             Began as a Naga Venom Mage on Mar 19, 2023.
             Slain by a scorpion (7 damage)
             ... on level 4 of the Dungeon.
             The game lasted 00:08:51 (3307 turns).

Pimp the Stinger (Naga Venom Mage)                  Turns: 3307, Time: 00:08:52

Health: 0/42       AC:  4    Str: 10    XL:     5   Next: 3%
Magic:  9/9        EV:  9    Int: 18    God:
Gold:   167        SH:  0    Dex: 11    Spells: 6/9 levels left

rFire   . . .      SeeInvis +    b - +0 hand axe (heavy)
rCold   . . .      Faith    .    (no shield)
rNeg    . . .      Spirit   .    f - +0 leather armour
rPois   +          Reflect  .    (no helmet)
rElec   .          Rampage  .    j - +0 cloak
rCorr   .                        (no gloves)
Will    .....                    (no barding)
Stlth   ++                       (no amulet)
HPRegen 0.27/turn                (no ring)
MPRegen 0.11/turn                (no ring)

@: lethally poisoned (0 -> -11), very slow
A: AC +1, large, see invisible, deformed body, poison resistance, slowness 2,
spit poison 1, naga tail 1
a: Spit Poison


You were on level 4 of the Dungeon.
You visited 1 branch of the dungeon, and saw 4 of its levels.

You collected 167 gold pieces.

Inventory:

Hand Weapons
 b - a +0 heavy hand axe (weapon)
 g - a +1 dagger
 l - a +0 spear
Missiles
 i - 16 poisoned darts (quivered)
Armour
 a - a +0 robe
 f - a +0 leather armour (worn)
 h - a +0 ring mail
 j - a +0 cloak (worn)
Scrolls
 n - a scroll of identify
Potions
 c - 4 potions of curing
 d - a potion of degeneration {unknown}
 e - a potion of brilliance {unknown}
 k - 2 potions of attraction {unknown}
 m - a potion of heal wounds {unknown}


   Skills:
 + Level 0.0 Fighting
 + Level 0.0 Axes
 + Level 0.4 Armour
 + Level 2.2 Dodging
 + Level 4.2 Stealth
 + Level 2.7 Spellcasting
 + Level 2.1 Transmutations
 + Level 4.8 Poison Magic


You had 6 spell levels left.
You knew the following spells:

 Your Spells              Type           Power      Damage    Failure   Level
a - Sting                 Tmut/Pois      60%        1d6       5%          1
b - Poisonous Vapours     Pois/Air       22%        N/A       13%         2

Your spell library contained the following spells:

 Spells                   Type           Power      Damage    Failure   Level
 Olgreb's Toxic Radiance  Pois           20%        N/A       30%         4
 Mephitic Cloud           Conj/Pois/Air  8%         N/A       34%         3


Dungeon Overview and Level Annotations

Branches:
Dungeon (4/15)
 Temple: D:4-7

Altars:
Cheibriados
Dithmenos
Okawaru


Innate Abilities, Weirdness & Mutations

Your serpentine skin is tough. (AC +1)
You have supernaturally acute eyesight. (SInv)
Armour fits poorly on your strangely shaped body.
Your system is resistant to poisons. (rPois)
You cover ground very slowly.
You can spit poison.
You have a snake-like lower body.


Message History

You slash the goblin!
You kill the goblin!
You see here a +0 pair of boots.
Okay, then.
Okay, then.
Done exploring.
Done exploring.
There is an open door here.
You see here a +0 falchion.
Things that are here:
a +0 flail; a +0 leather armour
There is a stone staircase leading down here.
You climb downwards.
Found 7 gold pieces.
Found a stone staircase leading down.
There is a stone staircase leading up here.
The helpless scorpion fails to defend itself.
You hit the scorpion but do no damage.
The scorpion stings you but does no damage.
The scorpion barely misses you. The hound bites you.
The scorpion barely misses you. The hound bites you but does no damage.
There is a stone staircase leading up, spattered with blood here.
The scorpion stings you. The hound bites you.
Found a stone staircase leading up.
The hound barely misses you. The hound attacks as you move away!
The hound bites you. The scorpion stings you.
You are poisoned.
The scorpion poisons you! The hound barely misses you.
You feel very sick. The hound bites you.
The hound bites you but does no damage. The scorpion stings you.
The hound attacks as you move away! The hound barely misses you.
The scorpion attacks as you move away! The scorpion stings you.
* * * LOW HITPOINT WARNING * * *
You are lethally poisoned!
The scorpion poisons you!
* * * LOW HITPOINT WARNING * * *
You feel very sick. The hound barely misses you. The scorpion stings you!
You die...

... .. . # .. .#..
#. . ..#.# ..###.
..#.#
...####...######
#.<###.##..........#
#....@h..$.........
######s............
#................
#.##B...<........ #.
#...>......... ..
#............. .
##............
##..........#
#####.######


You could see a scorpion, a hound and a giant cockroach (asleep).

Vanquished Creatures
  A gnoll (D:3)
  3 adders
  2 dart slugs (D:1)
  7 orcs (D:3)
  2 bats
  6 endoplasms
  8 giant cockroaches
  9 goblins
  6 hobgoblins
  7 kobolds (D:3)
  2 quokkas
  4 ball pythons
  3 frilled lizards
  3 rats
63 creatures vanquished.

Notes
Turn   | Place    | Note
-------+----------+-------------------------------------------
     0 | D:1      | Pimp the Naga Venom Mage began the quest for the Orb.
     0 | D:1      | Reached XP level 1. HP: 15/15 MP: 3/3
    77 | D:1      | Found a faded altar of an unknown god.
   251 | D:1      | Reached XP level 2. HP: 12/22 MP: 1/5
   996 | D:1      | Reached XP level 3. HP: 28/28 MP: 6/6
   999 | D:1      | Learned a level 2 spell: Poisonous Vapours
  2281 | D:3      | Reached XP level 4. HP: 12/36 MP: 1/7
  2425 | D:3      | Found a snail-covered altar of Cheibriados.
  2641 | D:3      | Found an iron altar of Okawaru.
  2995 | D:3      | Found a shadowy altar of Dithmenos.
  3170 | D:3      | Reached XP level 5. HP: 15/42 MP: 0/8
  3307 | D:4      | Slain by a scorpion

Illustrated notes

Levels and vault maps discovered:
D:1:      scummos_arrival_star, layout_basic,
          ebering_ecumenical_altar_abandoned, roderic_roman_lattice,
          chequers_serial_rivers_micro_d
D:2:      layout_basic
D:3:      corexii_shack_village, layout_rooms, cheibriados_altar_1,
          grunt_dithmenos_smoke_and_mirrors,
          mainiacjoe_overflow_six_doors_small, minmay_close_crescents
D:4:      layout_rooms, nzn_wu_jian_contemplation, tgw_xom, kennysheep_dice

Skill      XL: |  1  2  3  4 |
---------------+-------------+-----
Dodging        | 2 |  2.2
Stealth        | 4 |  4.2
Transmutations | 2 |  2.1
Armour         | |  0.4
Spellcasting   | |  2.7
Poison Magic   | |  4.8

Action                     |  1- 3 |  4- 6 || total
---------------------------+-------+-------++-------
  Melee: Dagger            |    65 |    62 ||   127
         Unarmed           |     1 |       ||     1
         Punch             |     1 |     2 ||     3
         Hand axe          |       |     4 ||     4
  Throw: Dart              |       |     4 ||     4
   Cast: Sting             |    16 |    17 ||    33
         Poisonous Vapours |    10 |    16 ||    26
Ability: Spit Poison       |       |     1 ||     1
    Use: Scroll            |     3 |     2 ||     5
         Potion            |       |     2 ||     2
   Stab: Sleeping          |     7 |     5 ||    12
 Armour: Robe              |    21 |     7 ||    28
         Leather armour    |       |    35 ||    35
  Dodge: Dodged            |    46 |    71 ||   117

Table legend: (Time is in decaauts)
 A = Elapsed time spent in this place.
 B = Non-inter-level travel time spent in this place.
 C = Inter-level travel time spent in this place.
 D = Time resting spent in this place.
 E = Time spent auto-exploring this place.
 F = Levels seen in this place.
 G = Mean time per level.
                   A        B        C        D        E       F      G
               +--------+--------+--------+--------+--------+-----+--------+
         Total |   4130 |   3965 |    165 |    703 |   2503 |   4 | 1032.5 |
       Dungeon |   4130 |   3965 |    165 |    703 |   2503 |   4 | 1032.5 |
               +--------+--------+--------+--------+--------+-----+--------+

Top non-repeatable levels by time:
     D:1: 1739 daAuts
     D:3: 1197 daAuts
     D:2: 1183 daAuts
     D:4: 11 daAuts
